Map: Ruins of Seras

Players

Japsingen - Winner!

  • Race: Protoss Protoss
  • League: Bronze

wabbajack

  • Race: Zerg Zerg
  • League: Gold

VOD

Have the link to the VOD?

Description

Time

  • Played on: July 17, 2015, 1:08 p.m.
  • Length: 9:30
Show
View Real Time Build Order
Export as new Build Order

Japsingen Protoss - Winner!

Build Orders: Forge Fast Expand (FFE) 

Get SALT Encoding   

  12  0:04  Probe  
  13  0:20  Pylon  
  13  0:23  Probe  
  14  0:39  Probe (Chrono Boost)  
  15  0:49  Probe (Chrono Boost)  
  16  0:56  Probe (Chrono Boost), Forge  
  17  1:08  Probe (Chrono Boost)  
  18  1:18  Probe (Chrono Boost)  
  19  1:24  Nexus  
  19  1:27  Probe  
  20  1:39  Probe  
  21  1:41  Gateway  
  21  1:46  Pylon  
  21  1:52  Probe  
  22  1:57  Assimilator  
  22  2:04  Probe  
  23  2:14  Photon Cannon  
  23  2:21  Probe (Chrono Boost)  
  25  2:31  Probe (Chrono Boost), Pylon  
  25  2:45  Cybernetics Core  
  25  2:47  Photon Cannon  
  25  2:53  Probe (Chrono Boost)  
  25  2:57  Assimilator  
  27  2:59  Probe (Chrono Boost)  
  27  3:02  Probe (Chrono Boost)  
  27  3:04  Zealot (Chrono Boost)  
  31  3:06  Probe (Chrono Boost)  
  31  3:10  Probe  
  33  3:21  Warp Gate (Chrono Boost)  
  33  3:23  Probe (Chrono Boost)  
  33  3:25  Probe (Chrono Boost)  
  34  3:35  Assimilator  
  34  3:37  Mothership Core (Chrono Boost)  
  34  3:40  Probe (Chrono Boost), Assimilator  
  34  3:41  Stalker (Chrono Boost)  
  39  3:46  Probe  
  40  3:50  Pylon  
  40  3:51  Probe  
  41  3:58  Probe  
  42  4:06  Sentry  
  44  4:15  Gateway x2  
  44  4:19  Gateway  
  44  4:23  Pylon  
  44  4:29  Protoss Ground Weapons Level 1 (Chrono Boost)  
  44  4:31  Robotics Facility  
  44  4:33  Sentry  
  44  4:37  Probe (Chrono Boost)  
  48  4:41  Probe (Chrono Boost)  
  49  4:47  Probe (Chrono Boost)  
  49  4:50  Probe (Chrono Boost)  
  50  4:56  Pylon  
  50  5:08  Twilight Council  
  50  5:18  Pylon  
  50  5:20  Observer (Chrono Boost)  
  51  5:22  Stalker x3  
  51  5:25  Probe (Chrono Boost)  
  51  5:26  Probe (Chrono Boost)  
  59  5:33  Stalker  
  63  5:35  Probe x2 (Chrono Boost)  
  63  5:38  Warp Prism  
  65  5:46  Sentry x3  
  65  5:49  Probe x2  
  73  6:01  Probe x2, Blink (Chrono Boost)  
  75  6:13  Probe  
  75  6:17  Pylon  
  76  6:20  Pylon  
  76  6:25  Probe  
  70  6:32  Stalker x4  
  57  7:00  Probe x2  
  59  7:12  Probe  
  59  7:13  Probe  
  61  7:25  Stalker, Probe x2  
  61  7:26  Stalker x2  
  69  7:37  Probe x2  
  70  7:43  Sentry  
  71  7:49  Probe  
  72  7:58  Stalker x3  
  78  8:08  Zealot  
  78  8:24  Zealot x2  
  78  8:25  Zealot  
  84  8:29  Probe (Chrono Boost)  
  85  8:34  Probe (Chrono Boost)  
  85  8:37  Stalker  
  88  8:42  Probe (Chrono Boost)  
  88  8:49  Stalker x2  
  82  9:15  Stalker x4  
Show
View Real Time Build Order
Export as new Build Order

wabbajack Zerg 

Build Orders: Hatch First 

Get SALT Encoding   

  12  0:01  Drone  
  13  0:17  Overlord  
  13  0:19  Drone  
  14  0:25  Drone, Extractor  
  15  0:37  Drone  
  15  0:39  Drone  
  17  0:55  Hatchery  
  16  1:00  Drone  
  16  1:02  Extractor  
  16  1:04  Drone  
  17  1:12  Drone  
  18  1:29  Spawning Pool  
  18  1:31  Drone  
  18  1:33  Drone  
  19  1:43  Overlord  
  19  2:07  Drone x2  
  21  2:16  Queen x2  
  21  2:17  Metabolic Boost  
  21  2:22  Zergling x2  
  26  2:23  Drone x2  
  28  2:32  Drone  
  28  2:33  Drone  
  30  2:38  Zergling x2  
  32  2:44  Zergling x2  
  32  2:52  Spine Crawler  
  31  3:11  Extractor  
  30  3:29  Pneumatized Carapace  
  30  3:34  Baneling Nest  
  30  3:37  Roach Warren  
  30  3:39  Queen  
  30  3:43  Drone x6  
  30  3:46  Overlord x2  
  36  4:28  Zergling x8  
  40  4:31  Zergling x2  
  40  4:32  Zergling x2  
  40  4:34  Zergling x4  
  40  4:35  Baneling  
  40  4:36  Baneling  
  44  4:58  Drone x7  
  51  5:02  Hatchery  
  50  5:20  Baneling x4  
  50  5:28  Drone  
  50  5:29  Drone  
  50  5:30  Overlord x2  
  50  5:32  Lair  
  50  6:13  Overlord x2  
  50  6:17  Roach  
  50  6:18  Roach x11  
  65  6:59  Drone  
  65  7:00  Drone x16  
  82  7:07  Hydralisk Den  
  81  7:10  Hatchery  
  81  7:12  Infestation Pit  
  81  7:14  Evolution Chamber  
  81  7:15  Evolution Chamber, Extractor x2  
  75  7:23  Extractor  
  74  7:33  Roach x4  
  74  7:36  Zergling x4  
  82  7:37  Zergling x4  
  82  7:38  Overlord  
  82  7:39  Overlord  
  82  7:42  Queen  
  66  7:59  Zergling x2  
  66  8:00  Zergling x8  
  66  8:04  Overseer  
  71  8:06  Overseer x2  
  71  8:08  Roach x5  
  71  8:11  Roach  
  81  8:13  Overlord x2  
  75  8:29  Ravager  
  75  8:30  Ravager  
  75  8:31  Ravager  
  75  8:32  Ravager  
  75  8:33  Ravager  
Tags
 
Add a new tag
Caveats
  • Supply blocks, unpowered buildings, or Contaminate may cause inaccurate times.
  • Supply counts are checked every 10 seconds.